 Dungeon Crawl Stone Soup version 0.21-a0-142-gdd972a7 (webtiles) character file.

3896 nikopol the Cleaver (level 10, -1/88 HPs)
             Began as a Minotaur Berserker on July 22, 2017.
             Was an Elder of Trog.
             Slain by an orc knight
             ... wielding a cursed -3 war axe
              (3 damage)
             ... in a bailey.
             The game lasted 00:13:01 (6228 turns).

nikopol the Cleaver (Minotaur Berserker)            Turns: 6228, Time: 00:13:02

Health: -1/88      AC: 12    Str: 25    XL:     10   Next: 0%
Magic:  9/9        EV: 11    Int:  4    God:    Trog [****..]
Gold:   355        SH: 12    Dex: 13    Spells: 9/9 levels left

rFire    . . .     SeeInvis .   G - +5 hand axe (elec)
rCold    + . .     Gourm    .   u - +1 shield
rNeg     . . .     Faith    .   t - +0 chain mail
rPois    .         Spirit   .   (helmet restricted)
rElec    .         Reflect  .   (no cloak)
rCorr    .         Harm     .   l - +0 pair of fencer's gloves {+Riposte Dex+3}
MR       .....                  (no boots)
Stlth    ..........             (no amulet)
HPRegen  0.24/turn              D - +3 ring of evasion
MPRegen  0.11/turn              q - ring of protection from cold

@: berserk cooldown, slowed, very slow
A: retaliatory headbutt, horns 2
a: Berserk, Trog's Hand, Brothers in Arms, Burn Spellbooks, Renounce Religion


You were in a bailey.
You worshipped Trog.
Trog was greatly pleased with you.
You were hungry.

You visited 1 branch of the dungeon, and saw 7 of its levels.
You also visited: Bailey.

You collected 355 gold pieces.

Inventory:

Hand Weapons
 a - a +0 hand axe
 g - a +0 war axe
 G - a +5 hand axe of electrocution (weapon)
Missiles
 C - 4 steel javelins
 I - 4 tomahawks of dispersal (quivered)
Armour
 l - the +0 pair of fencer's gloves (worn) {+Riposte Dex+3}
   (You acquired it on level 7 of the Dungeon)

   It affects your dexterity (+3).
 t - a +0 chain mail (worn)
 u - a +1 shield (worn)
Jewellery
 e - an uncursed ring of stealth
 q - a ring of protection from cold (right hand)
 D - a +3 ring of evasion (left hand)
 F - a +6 ring of evasion
 J - a +3 ring of dexterity {unknown}
Wands
 H - a wand of flame (41/48)
Scrolls
 f - a scroll of remove curse
 m - 4 scrolls of teleportation
 o - 2 scrolls of enchant armour
 s - 3 scrolls of blinking
 y - 3 scrolls of fog
 K - 2 scrolls of enchant weapon
Potions
 b - a potion of resistance {unknown}
 d - a potion of lignification {unknown}
 j - a potion of heal wounds {unknown}
 k - 4 potions of curing {unknown}
 p - a potion of brilliance {unknown}
 r - a potion of magic {unknown}
 v - a potion of cancellation {unknown}
 w - a potion of berserk rage {unknown}
 z - a potion of haste {unknown}
 A - a potion of flight {unknown}
 E - 2 potions of might {unknown}
Comestibles
 c - 3 bread rations
 h - 4 meat rations
 i - 4 chunks of flesh
 n - 3 fruits
 B - 3 royal jellies


   Skills:
 + Level 8.1 Fighting
 + Level 11.4 Axes
 + Level 7.8 Armour
 + Level 3.5 Dodging
 + Level 1.2 Stealth
 + Level 7.1 Shields


You had 9 spell levels left.
You didn't know any spells.

Dungeon Overview and Level Annotations

Branches:
Dungeon (7/15)             Temple (0/1) D:7

Altars:
Hepliaklqana
Makhleb
Vehumet
Yredelemnul
Zin
The Shining One

Shops:
D:7 *


Innate Abilities, Weirdness & Mutations

You reflexively headbutt those who attack you in melee.
You have a pair of horns on your head.


Message History

You slice the orc knight!! Your headbutt misses the orc knight.
The orc knight is heavily wounded.
The orc warrior no longer looks unusually strong.
You hit the orc knight.
The orc knight is heavily wounded.
The orc knight hits you with a war axe!!
Your chain mail prevents you from hitting the orc knight.
You headbutt the orc knight!!
The orc knight is almost dead.
You are no longer berserk.
You are exhausted.
You feel yourself slow down.
You fail to use your ability.
The orc knight no longer looks unusually strong.
The orc knight roars a battlecry!
The orcs go into a battle-frenzy!
The orc knight hits you with a war axe!!
* * * LOW HITPOINT WARNING * * *
The orc knight hits you with a war axe.
You die...

........### .#
#.....#)#.### #
...###.###)....### ##
.... ###.........## .#
....g #8..........# .#
...ogo#8..........# .#
...gooo.....⌠....∩# .#
.....g#8o.........# .#
....g #8.@........# ###
.... ###.........##
#.###
...###.###))...###
....###.###.....#'#.###
......###.........###
.......#...........#
.......#...........#
.⌠.))))#.....⌠.....#
..)...))...........#


You could see 2 orc knights, 2 orc warriors, 2 orcs, a hobgoblin and a goblin.

Vanquished Creatures
  An orc warlord (Bailey)
  A troll (D:6)
  Eustachio (D:5)
  A water moccasin (D:6)
  An ice beast (D:6)
  A sky beast (D:5)
  7 orc warriors (Bailey)
  A black bear (D:7)
  2 bullfrogs
  2 scorpions
  4 killer bees (D:7)
  4 crimson imps
  A centaur zombie (D:5)
  2 hounds (D:6)
  A jelly (D:5)
  A gnoll shaman (D:6)
  3 orc priests
  5 orc wizards
  5 worker ants
  A killer bee zombie (D:7)
  A hound skeleton (D:7)
  14 gnolls
  7 adders
  A shadow imp (D:5)
  2 worms (D:3)
  A dart slug (D:4)
  3 leopard geckos
  22 orcs
  9 bats
  2 giant cockroaches (D:2)
  26 goblins
  9 hobgoblins
  8 jackals
  A quokka (D:3)
  2 ball pythons
  4 frilled lizards
  4 kobolds
  A leopard gecko skeleton (D:3)
  A leopard gecko zombie (D:7)
  A quokka skeleton (D:7)
  5 rats
169 creatures vanquished.

Notes
Turn   | Place    | Note
-------+----------+-------------------------------------------
     0 | D:1      | nikopol the Minotaur Berserker began the quest for the Orb.
     0 | D:1      | Reached XP level 1. HP: 19/19 MP: 0/0
   317 | D:1      | Reached XP level 2. HP: 27/27 MP: 1/1
   716 | D:2      | Found a glowing golden altar of the Shining One.
   776 | D:2      | Reached skill level 4 in Axes
  1228 | D:2      | Found a burning altar of Makhleb.
  1228 | D:2      | Found a radiant altar of Vehumet.
  1233 | D:2      | Found a basalt altar of Yredelemnul.
  1235 | D:2      | Found a faded altar of an unknown god.
  1238 | D:2      | Found a faded altar of an unknown god.
  1360 | D:2      | Found a hazy altar of Hepliaklqana.
  1454 | D:3      | Reached ** piety under Trog
  1479 | D:3      | Reached XP level 3. HP: 33/33 MP: 2/2
  1503 | D:3      | Found a glowing silver altar of Zin.
  1736 | D:3      | Reached XP level 4. HP: 38/41 MP: 3/3
  1929 | D:3      | Found a faded altar of an unknown god.
  2138 | D:4      | Reached skill level 5 in Axes
  2138 | D:4      | Reached skill level 1 in Stealth
  2439 | D:4      | Reached skill level 1 in Shields
  2693 | D:4      | Reached XP level 5. HP: 47/47 MP: 4/4
  2885 | D:5      | Entered Level 5 of the Dungeon
  2891 | D:5      | Noticed a sky beast
  2907 | D:5      | Killed a sky beast
  2907 | D:5      | Reached skill level 6 in Axes
  2907 | D:5      | Reached XP level 6. HP: 30/55 MP: 5/5
  3240 | D:4      | Reached skill level 5 in Fighting
  3245 | D:4      | Reached *** piety under Trog
  3635 | D:5      | Noticed Eustachio
  3657 | D:5      | Killed Eustachio
  3657 | D:5      | Reached skill level 7 in Axes
  3657 | D:5      | Reached XP level 7. HP: 37/61 MP: 6/6
  4155 | D:6      | Noticed a troll
  4161 | D:6      | Killed a troll
  4161 | D:6      | Reached skill level 8 in Axes
  4161 | D:6      | Reached skill level 5 in Armour
  4376 | D:6      | Reached XP level 8. HP: 67/69 MP: 7/7
  5131 | D:7      | Found Idwynet's Elemental Accessories.
  5148 | D:7      | Identified a scroll of acquirement
  5155 | D:7      | Reached skill level 9 in Axes
  5219 | D:7      | Reached skill level 5 in Shields
  5399 | D:7      | Found a staircase to the Ecumenical Temple.
  5543 | D:7      | Reached XP level 9. HP: 78/78 MP: 8/8
  5600 | D:7      | Found a flagged portal.
  5620 | Bailey   | Entered a bailey
  5733 | Bailey   | Reached **** piety under Trog
  6000 | Bailey   | Reached skill level 10 in Axes
  6193 | Bailey   | Noticed an orc knight
  6193 | Bailey   | Noticed an orc warlord
  6196 | Bailey   | Noticed an orc knight
  6218 | Bailey   | Killed an orc warlord
  6218 | Bailey   | Reached skill level 11 in Axes
  6218 | Bailey   | Reached XP level 10. HP: 68/88 MP: 9/9
  6226 | Bailey   | HP: 1/88 [orc knight/war axe (27)]
  6228 | Bailey   | Slain by an orc knight

Vault maps used:
D:1:      dpeg_arrival_connections
D:2:      tso_altar, chequers_temple_overflow_minitemple, marbit_many_paths,
          first_bread
D:3:      old_standard_altar, chequers_ecumenical_altar_grove
D:5:      uniq_eustachio
D:6:      kennysheep_generic_room_16
D:7:      minmay_temple_entry_from_below_a, enter_bailey_2,
          nicolae_elemental_shop
Bailey:   bailey_axe_minmay_hex_keep, bailey

Skill      XL: |  1  2  3  4  5  6  7  8  9 |
---------------+----------------------------+-----
Fighting       | 4 5 6 8 |  8.1
Axes           | 4 5 6 7 8 9 11 | 11.4
Stealth        | 1 |  1.2
Shields        | 1 2 3 5 7 |  7.1
Armour         | 3 4 5 6 7 |  7.8
Dodging        | 3 |  3.5

Action                   |  1- 3 |  4- 6 |  7- 9 | 10-12 || total
-------------------------+-------+-------+-------+-------++-------
Melee: Hand axe          |    93 |   116 |   192 |     6 ||   407
       Headbutt          |     8 |    22 |    36 |     2 ||    68
       War axe           |       |    19 |     8 |       ||    27
Invok: Berserk           |       |     2 |     1 |       ||     3
  Use: Scroll            |       |       |    14 |       ||    14
 Stab: Sleeping          |     5 |       |       |       ||     5
  Eat: Chunk             |     3 |     6 |     9 |       ||    18
       Fruit             |       |       |     1 |       ||     1
Armor: Chain mail        |    30 |    62 |    28 |       ||   120
       Animal skin       |     4 |       |       |       ||     4
Dodge: Dodged            |    49 |    50 |    53 |       ||   152
Block: Shield            |    22 |    60 |    79 |       ||   161
       Rpst.: Hand axe   |       |       |    10 |       ||    10
